 Dungeon Crawl Stone Soup version 0.22.1-2-g9c5b331 (webtiles) character file.

1274 diana the Carver (level 8, -2/60 HPs)
             Began as a Demonspawn Berserker on Nov 17, 2018.
             Was a Priest of Trog.
             Splashed by Pikel's acid (17 damage)
             ... on level 6 of the Dungeon.
             The game lasted 00:09:12 (5592 turns).

diana the Carver (Demonspawn Berserker)             Turns: 5592, Time: 00:09:13

Health: -2/60      AC:  2    Str: 18    XL:     8   Next: 28%
Magic:  8/8        EV: 12    Int: 10    God:    Trog [***...]
Gold:   201        SH:  3    Dex: 13    Spells: 7/7 levels left

rFire    . . .     SeeInvis .   m - +0 long sword
rCold    . . .     Gourm    .   g - +0 buckler
rNeg     . . .     Faith    .   b - +0 animal skin
rPois    .         Spirit   .   (no helmet)
rElec    .         Reflect  .   s - +0 cloak
rCorr    .         Harm     .   (no gloves)
MR       ++...                  (no boots)
Stlth    +.........             (no amulet)
HPRegen  1.20/turn              (no ring)
MPRegen  0.11/turn              (no ring)

@: corroded, regenerating
A: hooves 1, slimy green scales 2, powered by pain 1
a: Berserk, Trog's Hand, Renounce Religion


You were on level 6 of the Dungeon.
You worshipped Trog.
Trog was most pleased with you.
You were hungry.

You visited 1 branch of the dungeon, and saw 6 of its levels.

You collected 201 gold pieces.

Inventory:

Hand Weapons
 a - a +0 falchion
 m - a +0 long sword (weapon)
Missiles
 f - 3 javelins (quivered)
Armour
 b - a +0 animal skin (worn)
 g - a +0 buckler (worn)
 s - a +0 cloak (worn)
Jewellery
 w - an uncursed ring of stealth
Wands
 y - a wand of polymorph (13)
Scrolls
 d - 2 scrolls of fear
 i - 3 scrolls of remove curse
 j - 7 scrolls of teleportation
 k - 3 scrolls of amnesia {unknown}
 l - 3 scrolls of magic mapping {unknown}
 o - a scroll of immolation {unknown}
 q - a scroll of noise {unknown}
 r - 2 scrolls of enchant weapon {unknown}
Potions
 e - a potion of mutation {unknown}
 h - 5 potions of haste
 n - a potion of curing
 p - a potion of invisibility
 t - a potion of agility
 v - a potion of heal wounds {unknown}
 x - a potion of flight {unknown}
 z - a potion of lignification {unknown}
Comestibles
 c - 9 rations
 A - a chunk of flesh


   Skills:
 - Level 4.1 Fighting
 * Level 8.9 Long Blades
 - Level 1.9 Armour
 - Level 2.9 Dodging
 - Level 0.4 Stealth
 - Level 0.2 Shields


You had 7 spell levels left.
You didn't know any spells.
Your spell library was empty.

Dungeon Overview and Level Annotations

Branches:
Dungeon (6/15)             Temple (0/1) D:4

Altars:
Dithmenos
Gozag
Xom
Yredelemnul
Zin

Annotations:
D:6 Pikel


Innate Abilities, Weirdness & Mutations

You have large cloven feet.
You are mostly covered in slimy green scales. (AC +3)
You sometimes gain a little power by taking damage.


Message History

The slave is lightly wounded.
The slave hits you.
You hit the slave but do no damage. Your kick misses the slave.
The slave is lightly wounded.
Pikel waves his whip at you.
You barely miss Pikel. You hit Pikel.
Pikel is lightly wounded.
Pikel says, "You'll fetch a fair price!"
Pikel zaps a wand.
The bolt of acid misses you.
You hit Pikel but do no damage. You kick Pikel, but do no damage.
Pikel is lightly wounded.
Pikel hits you with a whip of electrocution.
You are electrocuted!
You hit Pikel.
Pikel is lightly wounded.
Pikel zaps a wand.
The bolt of acid hits you!
* * * LOW HITPOINT WARNING * * *
The acid corrodes you!
You are splashed with acid!
The acid burns!
You die... ...w. ... ....[..# pp. .......# .KS

.......# #+ #.#
..<....# ♣♣.♣ #.+
#......+ ♣♣...♣♣#.#
#......# #♣. #..♣#p#
#......#++..###.@Kp#
+..))....#♣..#|(♣###
#...†....# ♣...♣♣
##'####..# ♣♣.♣♣
......#..####'#
......#.......#
##....#......##
#######.....###
##...<#.......#


You could see Pikel and 2 slaves.

Vanquished Creatures
  Prince Ribbit (D:5)
  An ice beast (D:6)
  3 ogres
  A bullfrog (D:5)
  A scorpion (D:5)
  A bullfrog skeleton (D:3)
  3 hounds (D:5)
  2 orc wizards
  Crazy Yiuf (D:2)
  3 orc priests
  Terence (D:2)
  5 worker ants
  A hound skeleton (D:4)
  6 adders
  2 oozes
  An adder skeleton (D:5)
  4 worms
  A dart slug (D:1)
  3 leopard geckos
  12 orcs
  14 bats
  2 giant cockroaches
  6 goblins
  5 hobgoblins
  14 jackals
  6 kobolds
  A quokka (D:5)
  A ball python (D:6)
  6 frilled lizards
  5 rats
113 creatures vanquished.

Notes
Turn   | Place    | Note
-------+----------+-------------------------------------------
     0 | D:1      | diana the Demonspawn Berserker began the quest for the Orb.
     0 | D:1      | Reached XP level 1. HP: 18/18 MP: 1/1
   131 | D:1      | Gained mutation: You are partially covered in slimy green
                  | scales. (AC +2) [demonic ancestry]
   131 | D:1      | Reached XP level 2. HP: 18/24 MP: 2/2
   213 | D:1      | Reached skill level 3 in Long Blades
   755 | D:2      | Noticed Terence
   766 | D:2      | Killed Terence
   766 | D:2      | Gained mutation: You have large cloven feet. [demonic
                  | ancestry]
   766 | D:2      | Reached XP level 3. HP: 6/29 MP: 3/3
   768 | D:2      | Reached ** piety under Trog
  1104 | D:2      | Reached XP level 4. HP: 37/37 MP: 4/4
  1201 | D:2      | Found a runed door.
  1879 | D:2      | Noticed Crazy Yiuf
  1885 | D:2      | Killed Crazy Yiuf
  2005 | D:3      | Noticed an ogre
  2015 | D:3      | Killed an ogre
  2015 | D:3      | Reached skill level 4 in Long Blades
  2015 | D:3      | Reached XP level 5. HP: 9/42 MP: 5/5
  2647 | D:3      | Found a glowing silver altar of Zin.
  2647 | D:3      | Noticed an angel
  2727 | D:3      | Found a shimmering altar of Xom.
  2904 | D:3      | Reached skill level 5 in Long Blades
  2904 | D:3      | Gained mutation: You are mostly covered in slimy green
                  | scales. (AC +3) [demonic ancestry]
  2904 | D:3      | Reached XP level 6. HP: 39/48 MP: 6/6
  2983 | D:3      | Reached *** piety under Trog
  3828 | D:4      | Found a staircase to the Ecumenical Temple.
  3841 | D:4      | Reached skill level 6 in Long Blades
  3884 | D:4      | Gained mutation: You sometimes gain a little power by
                  | taking damage. [demonic ancestry]
  3884 | D:4      | Reached XP level 7. HP: 49/54 MP: 7/7
  4654 | D:5      | Entered Level 5 of the Dungeon
  4796 | D:5      | Reached skill level 7 in Long Blades
  5008 | D:5      | Noticed Prince Ribbit
  5017 | D:5      | Killed Prince Ribbit
  5017 | D:5      | Reached skill level 8 in Long Blades
  5017 | D:5      | Reached XP level 8. HP: 25/60 MP: 8/8
  5178 | D:5      | Reached **** piety under Trog
  5182 | D:5      | Found a basalt altar of Yredelemnul.
  5324 | D:5      | Found a shadowy altar of Dithmenos.
  5325 | D:5      | Found an opulent altar of Gozag.
  5576 | D:6      | Noticed Pikel
  5592 | D:6      | Splashed by Pikel's acid

Skill      XL: |  1  2  3  4  5  6  7 |
---------------+----------------------+-----
Dodging        | 2 |  2.9
Long Blades    | 3 4 5 6 8 |  8.9
Fighting       | 4 |  4.1
Armour         | |  1.9
Stealth        | |  0.4
Shields        | |  0.2

Action                   |  1- 3 |  4- 6 |  7- 9 || total
-------------------------+-------+-------+-------++-------
Melee: Falchion          |    85 |     3 |       ||    88
       Kick              |     3 |    61 |    28 ||    92
       Long sword        |       |   168 |   106 ||   274
Throw: Javelin           |       |     2 |       ||     2
Invok: Berserk           |     2 |     1 |     2 ||     5
       Trog's Hand       |       |       |     1 ||     1
  Use: Scroll            |       |     5 |     3 ||     8
       Potion            |       |       |     2 ||     2
  Eat: Chunk             |     2 |    10 |     1 ||    13
       Ration            |       |       |     2 ||     2
Armor: Animal skin       |    36 |    41 |    18 ||    95
Dodge: Dodged            |    94 |   125 |    76 ||   295
Block: Buckler           |       |    33 |    14 ||    47
       Rpst.: Falchion   |    22 |       |       ||    22
       Long sword        |       |    36 |    20 ||    56
